 Dungeon Crawl Stone Soup version 0.14-a0-2759-g5bb4bfe (console) character file.

4341 Garrluk the Carver (level 10, -2/60 HPs)
             Began as a Formicid Hunter on Feb 23, 2014.
             Was an Initiate of the Shining One.
             Slain by a killer bee (6 damage)
             ... on Level 8 of the Dungeon.
             The game lasted 00:41:06 (9014 turns).

Garrluk the Carver (Formicid Hunter)                Turns: 9014, Time: 00:41:06

HP  -2/60        AC 17     Str 17 (18) XL: 10   Next: 63%
MP  19/19        EV  7     Int 13      God: the Shining One [......]
Gold 605         SH  0     Dex 11      Spells:  0 memorised,  9 levels left

rFire  . . .     SeeInvis +     u - +0 orc falchion
rCold  . . .     Clarity  .     i - +1 dwarf chain mail
rNeg   . . .     Conserve .     (no shield)
rPois  x         rCorr    .     (helmet unavailable)
rElec  .         rRot     .     e - +2 cloak
SustAb + .       Spirit   .     (no gloves)
rMut   .         Warding  .     (no boots)
Saprov . . .     Stasis   +     (no amulet)
MR     +....                    m - cursed ring of magical power
                                r - ring of sustain abilities {unknown}

@: very poisoned, somewhat resistant to hostile enchantments, extremely
unstealthy
A: permanent stasis, dig shafts and tunnels, four strong arms, poison weakness,
antennae 3, exoskeleton 1
a: Dig, Shaft Self, Renounce Religion


You were on level 8 of the Dungeon.
You worshipped the Shining One.
The Shining One was noncommittal.
You were not hungry.

You visited 2 branches of the dungeon, and saw 9 of its levels.

You collected 605 gold pieces.

Notes
Turn   | Place    | Note
--------------------------------------------------------------
     0 | D:1      | Garrluk, the Formicid Hunter, began the quest for the Orb.
     0 | D:1      | Reached XP level 1. HP: 14/14 MP: 1/1
    57 | D:1      | Reached XP level 2. HP: 6/19 MP: 2/2
   642 | D:1      | Reached XP level 3. HP: 12/24 MP: 3/3
   947 | D:1      | Reached skill level 4 in Throwing
  1361 | D:2      | Reached skill level 1 in Armour
  1412 | D:2      | Reached XP level 4. HP: 29/29 MP: 4/4
  2050 | D:3      | Reached XP level 5. HP: 18/34 MP: 5/5
  2518 | D:4      | Reached skill level 1 in Long Blades
  2676 | D:4      | Reached XP level 6. HP: 29/39 MP: 6/6
  2783 | D:4      | Found a sparkling altar of Nemelex Xobeh.
  2783 | D:4      | Found a basalt altar of Yredelemnul.
  3549 | D:4      | Noticed a yellow wasp
  3549 | D:4      | Noticed a sky beast
  3552 | D:4      | Killed a yellow wasp
  3552 | D:4      | Reached skill level 5 in Throwing
  3552 | D:4      | Reached XP level 7. HP: 45/45 MP: 7/7
  3560 | D:4      | Killed a sky beast
  3571 | D:4      | Got a bloodstained robe
  3583 | D:4      | Identified the +0 robe of the Princess {+Inv rC++ MR++} (You found it on level 4 of the Dungeon)
  3626 | D:5      | Entered Level 5 of the Dungeon
  3791 | D:5      | Reached skill level 5 in Armour
  3791 | D:5      | Reached XP level 8. HP: 25/50 MP: 8/8
  4150 | D:5      | Reached skill level 6 in Armour
  4573 | D:6      | Reached skill level 5 in Long Blades
  4573 | D:6      | Reached XP level 9. HP: 46/54 MP: 9/9
  4766 | D:6      | Reached skill level 7 in Armour
  4921 | D:6      | Found Qogralaa's Assorted Antiques.
  4967 | D:6      | Noticed Natasha
  4982 | D:6      | Killed Natasha
  5059 | D:6      | Noticed Natasha
  5066 | D:6      | Killed Natasha
  5144 | D:6      | Noticed Natasha
  5149 | D:6      | Killed Natasha
  5198 | D:6      | Reached skill level 8 in Armour
  5595 | D:7      | Found a staircase to the Ecumenical Temple.
  5603 | Temple   | Entered the Ecumenical Temple
  5659 | Temple   | Became a worshipper of the Shining One
  5714 | D:7      | Found a burning altar of Makhleb.
  5736 | D:7      | Found a deep blue altar of Sif Muna.
  5786 | D:7      | Found Klanyexe's Book Emporium.
  6022 | D:7      | Reached skill level 9 in Armour
  6064 | D:7      | Reached XP level 10. HP: 26/60 MP: 10/10
  6855 | D:7      | HP: 1/60 [orange rat (12)]
  6855 | D:7      | The Shining One protects you from harm!
  8313 | D:8      | Noticed ManOfSteam's ghost (experienced DsCK)
  8713 | D:8      | Reached skill level 10 in Long Blades
  9014 | D:8      | Slain by a killer bee

Inventory:

Hand weapons
 u - a +0,+0 orcish falchion (weapon)
   (You took it off an orc on level 3 of the Dungeon)
Missiles
 a - 5 stones (quivered)
 c - a throwing net
Armour
 e - a +2 cloak (worn)
   (You found it on level 4 of the Dungeon)
 i - a +1 dwarven chain mail (worn)
   (You found it on level 1 of the Dungeon)
 p - the +0 robe of the Princess {+Inv rC++ MR++}
   (You found it on level 4 of the Dungeon)

   It greatly protects you from cold.
   It affects your resistance to hostile enchantments.
   It lets you turn invisible.
Magical devices
 h - a wand of frost (15)
   (You found it on level 8 of the Dungeon)
Comestibles
 d - 2 meat rations
 f - 7 bread rations
 g - 6 beef jerkies
 x - a chunk of giant frog flesh
 z - a cheese
Scrolls
 j - 4 scrolls of magic mapping
 k - 8 scrolls of identify
 n - a scroll of amnesia
 q - 5 scrolls of remove curse
 s - a scroll of fog
 w - a scroll of enchant weapon II
Jewellery
 b - an uncursed ring of magical power
   (You found it on level 7 of the Dungeon)
 m - a cursed ring of magical power (right hand)
   (You found it on level 2 of the Dungeon)
 r - a ring of sustain abilities (left hand) {unknown}
   (You found it on level 7 of the Dungeon)
 v - an uncursed ring of invisibility
   (You found it on level 6 of the Dungeon)
Potions
 l - a potion of curing
 B - a potion of heal wounds
Books
 o - a book of Beasts
   (You found it on level 4 of the Dungeon)

   Spells                             Type                      Level
   Summon Butterflies                 Summoning                    1
   Sticks to Snakes                   Transmutation                2
   Call Canine Familiar               Summoning                    3
   Ice Form                           Ice/Transmutation            4
   Summon Ice Beast                   Ice/Summoning                4
   Summon Hydra                       Summoning                    7
 t - a book of Debilitation
   (You found it on level 4 of the Dungeon)

   Spells                             Type                      Level
   Corona                             Hexes                        1
   Slow                               Hexes                        2
   Inner Flame                        Hexes/Fire                   3
   Enslavement                        Hexes                        4
   Cause Fear                         Hexes                        4
   Leda's Liquefaction                Hexes/Earth                  4

Table legend:
 A = Turns spent in this place as a percentage of turns spent in the entire game.
 B = Non-inter-level travel turns spent in this place as a percentage of non-inter-level travel turns spent in the entire game.
 C = Inter-level travel turns spent in this place as a percentage of turns spent in this place.
 D = Turns resting spent in this place as a percentage of non-inter-level travel turns spent in this place.
 E = Turns spent auto-exploring this place as a percentage of non-inter-level travel turns spent in this place.
 F = Non-inter-level travel turns spent in this place divided by the number of levels of this place that you've seen.
                   A       B       C       D       E      F
               +-------+-------+-------+-------+-------+----------------------
         Total | 100.0 | 100.0 |   0.7 |   2.0 |   6.6 | 396.7
       Dungeon |  97.9 |  98.0 |   0.6 |   2.1 |   6.6 | 437.4
        Temple |   2.1 |   2.0 |   4.1 |   0.0 |   5.6 |  71.0
               +-------+-------+-------+-------+-------+----------------------


   Skills:
 - Level 2.0 Fighting
   Level 1.1 Short Blades
 + Level 10.3 Long Blades
 - Level 6.2 Throwing
 - Level 9.0 Armour
 - Level 1.7 Dodging
 - Level 1.2 Stealth


You had 9 spell levels left.
You didn't know any spells.

Dungeon Overview and Level Annotations

Branches:
Dungeon (8/16)             Temple (1/1) D:7
   Lair: D:8-11

Altars:
Ashenzari
Cheibriados
Dithmenos
Elyvilon
Fedhas
Kikubaaqudgha
Makhleb
Nemelex Xobeh
Okawaru
Sif Muna
Trog
Vehumet
Xom
Yredelemnul
Zin
The Shining One

Shops:
D:6 *   D:7 :

Annotations:
D:8 ManOfSteam's ghost, experienced DsCK


Innate Abilities, Weirdness & Mutations

Your are under a permanent stasis effect.
You can dig through walls and to a lower floor.
Your four strong arms can wield any weapon, most with a shield.
You are susceptible to poison.
You have a pair of large antennae on your head (SInv).
Your body is surrounded by an exoskeleton. (AC +1)


Message History

* * * LOW HITPOINT WARNING * * *
You feel sick. The killer bee barely misses you.
You miss the killer bee.
The killer bee is severely wounded.
* * * LOW HITPOINT WARNING * * *
You feel sick. The killer bee stings you.
* * * LOW HITPOINT WARNING * * *
You are more poisoned.
The killer bee poisons you!
The killer bee stings you but does no damage.
You closely miss the killer bee.
The killer bee is severely wounded.
* * * LOW HITPOINT WARNING * * *
You feel sick. The killer bee completely misses you.
You closely miss the killer bee.
The killer bee is severely wounded.
* * * LOW HITPOINT WARNING * * *
You feel very sick. The killer bee closely misses you.
The killer bee stings you.
You die...

... ..# ... ####. ###.# .
##.## . #.... ..... .... ...
..o..##.... ##... .... ...
........... #... #.#
##########. #.k. #.##### #.
.###...#####.#...##########.
.................)..........
........#####...####.########
.#####..o###...#..#.##(.#
.........okk@...#.?'..'.?#
..####...o##...##'#..#'##
##...##....#......#
######.####......##### #..
##'#..#'##... ###
#(.'..'.[#... #(.####..#...
#### #######


You could see an orc warrior, 2 killer bees and 2 orcs.

Table legend:
 A = Kills in this place as a percentage of kills in entire the game.
 B = Kills by you in this place as a percentage of kills by you in the entire game.
 C = Kills by friends in this place as a percentage of kills by friends in the entire game.
 D = Other kills in this place as a percentage of other kills in the entire game.
 E = Experience gained in this place as a percentage of experience gained in the entire game.
 F = Experience gained in this place divided by the number of levels of this place that you have seen.
                   A       B       C       D       E      F
               +-------+-------+-------+-------+-------+----------------------
         Total | 100.0 | 100.0 |  -nan |  -nan | 100.0 | 593.1
       Dungeon | 100.0 | 100.0 |  -nan |  -nan | 100.0 | 667.2
               +-------+-------+-------+-------+-------+----------------------

Vanquished Creatures
  Monster Symbol All '*'
  A giant spore (D:8)
1 creature vanquished. All '5' 11 crimson imps
11 creatures vanquished. All 'F' 3 giant frogs
3 creatures vanquished. All 'H' 2 hippogriffs (D:7)
2 creatures vanquished. All 'I' 3 ice beasts A sky beast (D:4)
4 creatures vanquished. All 'J' 2 jellies An ooze (D:1)
3 creatures vanquished. All 'K' 14 kobolds
14 creatures vanquished. All 'O' 4 ogres
4 creatures vanquished. All 'S' 7 adders 3 ball pythons
10 creatures vanquished. All 'W' A wraith (D:7)
1 creature vanquished. All 'X' An inept feature mimic (D:6) An inept item mimic (D:5)
2 creatures vanquished. All 'a' 5 worker ants
5 creatures vanquished. All 'b' 13 bats
13 creatures vanquished. All 'f' 2 ballistomycetes (D:8)
2 creatures vanquished. All 'g' A gnoll shaman (D:7) 12 gnolls 20 hobgoblins 12 goblins
45 creatures vanquished. All 'h' 6 hounds Natasha (thrice) (D:6) 5 jackals
14 creatures vanquished. All 'k' 4 killer bees (D:8)
4 creatures vanquished. All 'l' 3 iguanas 5 giant geckos 7 giant newts
15 creatures vanquished. All 'n' A necrophage (D:6)
1 creature vanquished. All 'o' An orc warrior (D:7) 2 orc priests 11 orc wizards 27 orcs
41 creatures vanquished. All 'p' A hungry ghost (D:7) A phantom (D:8)
2 creatures vanquished. All 'r' 2 orange rats (D:7) 3 green rats (D:7) 3 grey rats (D:7) 4 quokkas 38 rats
50 creatures vanquished. All 's' 2 scorpions 9 giant cockroaches
11 creatures vanquished. All 'w' 3 worms
3 creatures vanquished. All 'y' A yellow wasp (D:4)
1 creature vanquished. All 'z' 2 hound skeletons An orc zombie (D:5) A goliath beetle zombie (D:7) An adder skeleton (D:5) An iguana zombie (D:5) A bat zombie (D:7) A giant gecko zombie (D:6) 2 hobgoblin skeletons A kobold skeleton (D:4) A rat skeleton (D:4)
12 creatures vanquished.
274 creatures vanquished. Monster Nature Uniques Natasha (thrice) (D:6)
3 creatures vanquished. Natural Monsters 2 hippogriffs (D:7) 3 ice beasts 4 ogres An orc warrior (D:7) A yellow wasp (D:4) A sky beast (D:4) 3 giant frogs 4 killer bees (D:8) 2 jellies 2 orc priests 6 hounds A gnoll shaman (D:7) 3 iguanas 11 orc wizards 2 orange rats (D:7) 2 scorpions 5 worker ants 7 adders 12 gnolls 3 green rats (D:7) 3 worms 3 grey rats (D:7) 5 giant geckos An ooze (D:1) 27 orcs 3 ball pythons 13 bats 9 giant cockroaches 20 hobgoblins 5 jackals 14 kobolds 4 quokkas 7 giant newts 12 goblins 38 rats
239 creatures vanquished. Non-Living Monsters An inept feature mimic (D:6) An inept item mimic (D:5)
2 creatures vanquished. Undead Monsters A wraith (D:7) A hungry ghost (D:7) A necrophage (D:6) A phantom (D:8) 2 hound skeletons An orc zombie (D:5) A goliath beetle zombie (D:7) An adder skeleton (D:5) An iguana zombie (D:5) A bat zombie (D:7) A giant gecko zombie (D:6) 2 hobgoblin skeletons A kobold skeleton (D:4) A rat skeleton (D:4)
16 creatures vanquished. Demonic Monsters 11 crimson imps
11 creatures vanquished. Plants A giant spore (D:8) 2 ballistomycetes (D:8)
3 creatures vanquished.
274 creatures vanquished. Ascending Order A wraith (D:7) A hungry ghost (D:7) A necrophage (D:6) An orc warrior (D:7) A yellow wasp (D:4) A sky beast (D:4) A phantom (D:8) A gnoll shaman (D:7) An orc zombie (D:5) An inept feature mimic (D:6) A goliath beetle zombie (D:7) An inept item mimic (D:5) An adder skeleton (D:5) An iguana zombie (D:5) An ooze (D:1) A bat zombie (D:7) A rat skeleton (D:4) A giant gecko zombie (D:6) A kobold skeleton (D:4) A giant spore (D:8) 2 hippogriffs (D:7) 2 jellies 2 orc priests 2 orange rats (D:7) 2 scorpions 2 hound skeletons 2 hobgoblin skeletons 2 ballistomycetes (D:8) 3 ice beasts 3 giant frogs Natasha (thrice) (D:6) 3 iguanas 3 green rats (D:7) 3 worms 3 grey rats (D:7) 3 ball pythons 4 ogres 4 killer bees (D:8) 4 quokkas 5 worker ants 5 giant geckos 5 jackals 6 hounds 7 adders 7 giant newts 9 giant cockroaches 11 crimson imps 11 orc wizards 12 gnolls 12 goblins 13 bats 14 kobolds 20 hobgoblins 27 orcs 38 rats
274 creatures vanquished.

Action                   |  1- 3 |  4- 6 |  7- 9 | 10-12 || total
-------------------------+-------+-------+-------+-------++-------
Melee: Short sword       |    38 |       |       |       ||    38
       Spear             |    23 |       |       |       ||    23
       Whip              |    49 |   140 |   303 |       ||   492
       Falchion          |       |       |       |   456 ||   456
       Flail             |       |       |       |     1 ||     1
Throw: Large rock        |    13 |    15 |    64 |    18 ||   110
       Tomahawk          |       |    48 |    81 |    35 ||   164
       Stone             |       |       |     9 |     6 ||    15
       Javelin           |       |       |       |     4 ||     4
       Throwing net      |       |       |       |     3 ||     3
 Abil: Dig               |     1 |       |       |       ||     1
Evoke: Wand              |       |       |       |     1 ||     1
  Use: Scroll            |       |     9 |     6 |     2 ||    17
       Potion            |       |     2 |     3 |     7 ||    12
 Stab: Sleeping          |     1 |       |       |       ||     1
